[Event "*** Titled Tuesday Blitz"]
[Site "Chess.com"]
[Date "2020.02.04"]
[Round "7"]
[White "NiranjanNavalgund"]
[Black "vovachesss"]
[Result "0-1"]
[WhiteElo "2410"]
[BlackElo "2575"]
[TimeControl "180+2"]
[EndTime "10:35:49 PST"]
[Termination "vovachesss won by resignation"]

1. Nf3 Nc6 2. e4 d6 3. d4 g6 4. Nc3 Bg7 5. d5 Ne5 6. Be2 Nxf3+ 7. Bxf3 Nf6 8. O-O O-O 9. Bg5 c6 10. dxc6 bxc6 11. e5 dxe5 12. Qxd8 Rxd8 13. Bxc6 Rb8 14. Rad1 Bf5 15. Ba4 Rd4 16. Be3 Rxa4 17. Nxa4 Bxc2 18.
Bxa7 Ra8 19. Nb6 Rxa7 20. Rd8+ Bf8 21. Rc1 Rxa2 22. h3 Rxb2 23. Nc4 Ra2 24. Ne3 Ba4 25.
Rcc8 Be8 26. Nd5 Nxd5 27. Rxe8 Nf4 28. Rxf8+ Kg7 29. Rfe8 Kf6 30. Rc6+ e6 31. Rf8 Ne2+ 32. Kh2 Ra7 33. g3 Nd4 34. Rc3 h5 35. g4 hxg4 36. hxg4 Kg5 37. f3 Kf4 38. Kg2 Ra2+ 39. Kf1 f5 40.
gxf5 exf5 41. Rf6 g5 42. Rc4 Kxf3 43. Ke1 f4 44. Rc5 e4 45. Rxg5 e3 46. Rxf4+ Kxf4 47. Kf1 Kxg5 0-1

[Event "*** Titled Tuesday Blitz"]
[Site "Chess.com"]
[Date "2020.02.04"]
[Round "7"]
[White "RoelandPruijssers"]
[Black "Atakishiyev04"]
[Result "0-1"]
[WhiteElo "2623"]
[BlackElo "2795"]
[TimeControl "180+2"]
[EndTime "10:35:50 PST"]
[Termination "Atakishiyev04 won by checkmate"]

1. e4 e5 2. Nf3 Nc6 3. Bc4 Bc5 4. O-O Nf6 5. d3 O-O 6. Nbd2 d6 7. c3 a6 8. Bb3 Ba7 9. h3 h6 10. Re1 Be6 11. Bc2 Ne7 12. Nf1 Ng6 13. Ng3 Re8 14. d4 exd4 15. cxd4 c5 16. Be3 Rc8 17. d5 Bd7 18. a4 Ne5 19. Nd2 b5 20. f4 Nc4 21.
Nxc4 bxc4 22. Bd2 c3 23. Bxc3 c4+ 24. Bd4 Qc7 25. Kh2 Bxd4 26. Qxd4 Qc5 27. Qc3 Rb8 28. Nf1 Qf2 29. Qd2 Qh4 30. Bb1 Re7 31. Ra3 Rbe8 32. e5 Nh5 33. Rf3 dxe5 34. d6 Re6 35. Bf5 e4 36. Bxe6 exf3 37. Bxd7 Rxe1 38. Bg4 Re2 39. Qd5 Rxg2+ 40. Kh1 Qf2 41. Qa8+ Kh7 42. Qe4+ g6 43.
Qxc4 Rg1# 0-1

[Event "*** Titled Tuesday Blitz"]
[Site "Chess.com"]
[Date "2020.02.04"]
[Round "7"]
[White "Zq1"]
[Black "EugeneRougon"]
[Result "0-1"]
[WhiteElo "2547"]
[BlackElo "2732"]
[TimeControl "180+2"]
[EndTime "10:35:51 PST"]
[Termination "EugeneRougon won by resignation"]

1. d4 d5 2. c4 c6 3. cxd5 cxd5 4.
Bg5 Nf6 5. Bxf6 gxf6 6. Nc3 f5 7. g3 e6 8. e3 Nc6 9. Bg2 Bg7 10.
Nge2 O-O 11. O-O b6 12. a3 Ba6 13. b4 Bc4 14. Qd2 b5 15. Rfc1 a5 16. Rab1 Qd6 17. a4 axb4 18. Nxb5 Qd7 19. Ra1 Na5 20. Qxb4 Bxe2 21.
Rc7 Qd8 22. Rac1 Bc4 23. Rc3 Re8 24. Rc5 Bf8 25. Qb2 Bxc5 26. dxc5 Rb8 27. Qd2 Bxb5 28.
axb5 Rxb5 29. Bf1 Nc4 30. Qd4 Qe7 31. Bxc4 dxc4 32. Rxc4 Rc8 33. c6 Rd5 34. Qf4 Qf6 35.
e4 Re5 36. c7 Kg7 37. Qd2 Rxe4 38. Rxe4 fxe4 39. Qd7 Qa1+ 40. Kg2 Qa8 41. Qd4+ Kg8 42. Qe5 Qd5 0-1

[Event "*** Titled Tuesday Blitz"]
[Site "Chess.com"]
[Date "2020.02.04"]
[Round "7"]
[White "bhavesh1810"]
[Black "W_Amadeus"]
[Result "0-1"]
[WhiteElo "2149"]
[BlackElo "2731"]
[TimeControl "180+2"]
[EndTime "10:35:55 PST"]
[Termination "W_Amadeus won by checkmate"]

1. e4 e5 2. Nf3 Nc6 3. Bc4 Bc5 4. O-O Nf6 5. d3 O-O 6. c3 d5 7. exd5 Nxd5 8. h3 Bf5 9. Re1 Nb6 10. Bb5 f6 11. b4 Bd6 12. d4 a6 13. Bxc6 bxc6 14.
dxe5 fxe5 15. Bg5 Qe8 16. Nbd2 Qg6 17. h4 h6 18. Be3 e4 19. Nh2 Bh3 20. g4 Nd5 21. h5 Qe6 22. Rc1 Bxh2+ 23. Kxh2 Bxg4 24. Qb3 Qe5+ 25. Kg2 Qxh5 26. Rh1 Bf3+ 27. Nxf3 exf3+ 28. Kg1 Qg4+ 29. Kf1 Qg2+ 30. Ke1 Qxh1+ 31. Kd2 Qh5 32. Qc4 Rad8 33. Bd4 Qg5+ 34. Kc2 Qg6+ 35. Kb2 Qe6 36. Qxa6 Rf7 37. Rc2 Nf4 38. a4 Ne2 39. Be3 h5 40. a5 h4 41. Qb7 h3 42. a6 h2 43. a7 Rff8 44. a8=Q Rxa8 45. Qxc7 Qa2# 0-1

[Event "*** Titled Tuesday Blitz"]
[Site "Chess.com"]
[Date "2020.02.04"]
[Round "7"]
[White "gurelediz"]
[Black "SHIVACalypso"]
[Result "1-0"]
[WhiteElo "2505"]
[BlackElo "2209"]
[TimeControl "180+2"]
[EndTime "10:35:55 PST"]
[Termination "gurelediz won by resignation"]

1. e4 e6 2. d4 d5 3. Nd2 Nf6 4. e5 Nfd7 5. Bd3 c5 6. c3 Nc6 7. Ne2 cxd4 8. cxd4 f6 9. exf6 Nxf6 10. O-O Bd6 11.
Nf3 O-O 12. Bf4 Bxf4 13. Nxf4 Ne4 14. Qc1 Qf6 15. Ne2 Nb4 16. Bb1 Bd7 17. Ne5 Bb5 18.
Qe3 Qg5 19. f4 Qe7 20. Bxe4 dxe4 21. Qxe4 Rad8 22. a3 Nc6 23. Rad1 Qd6 24. Nxc6 Bxc6 25. Qe5 Qxe5 26. fxe5 Rxf1+ 27. Kxf1 Rf8+ 28. Kg1 Bb5 29. Nc3 Bc4 30. Ne4 Be2 31. Re1 Bd3 32. Nc5 Bf5 33. Nxb7 Rb8 34. Nd6 Rxb2 35. Nxf5 exf5 36. d5 Rd2 37. d6 Kf7 38. e6+ Ke8 39. d7+ Ke7 40. Re5 g6 41. h3 h6 42. g4 fxg4 43. hxg4 g5 44. Kf1 Rd1+ 45. Ke2 Rd4 46. Ke3 Rd1 47.
Ke4 Re1+ 48. Kf5 Rf1+ 49. Kg6 Rf6+ 50. Kg7 Rf8 51. Kxh6 Kf6 52. Rf5+ 1-0

[Event "*** Titled Tuesday Blitz"]
[Site "Chess.com"]
[Date "2020.02.04"]
[Round "7"]
[White "dabee"]
[Black "Colombiano07"]
[Result "1-0"]
[WhiteElo "2580"]
[BlackElo "2279"]
[TimeControl "180+2"]
[EndTime "10:35:56 PST"]
[Termination "dabee won by resignation"]

1. d4 Nf6 2. Bg5 e6 3. e4 h6 4.
Bxf6 Qxf6 5. Qd2 d6 6. Nc3 a6 7. f4 g5 8. g3 gxf4 9. gxf4 Qh4+ 10. Qf2 Qxf2+ 11. Kxf2 Nc6 12. Nf3 Bg7 13. e5 f6 14.
Rg1 Kf7 15. d5 Nb4 16. Bc4 exd5 17. Nxd5 Be6 18. Nxb4 Bxc4 19. b3 a5 20. bxc4 axb4 21. e6+ Kf8 22. f5 h5 23. Nh4 Rh7 24. Ng6+ Ke8 25.
Kf3 Ra5 26. Ke4 Rc5 27. a3 Rxc4+ 28. Kd3 Rc3+ 29. Kd4 Rxa3 30. Rxa3 bxa3 31. Ra1 Rh6 32. Nh4 Bf8 33. Rxa3 Be7 34. Ra7 Bd8 35. Rxb7 Rh7 36. Kd5 Rg7 37. Ng6 h4 38. Rb8 h3 39.
c4 Rh7 40. Kc6 Rg7 41. e7 Rxe7 42. Nxe7 Kxe7 43. Rb3 Kf7 44. Rxh3 1-0

[Event "*** Titled Tuesday Blitz"]
[Site "Chess.com"]
[Date "2020.02.04"]
[Round "7"]
[White "Zarikovs1999"]
[Black "IAgrest"]
[Result "1/2-1/2"]
[WhiteElo "2346"]
[BlackElo "2220"]
[TimeControl "180+2"]
[EndTime "10:35:56 PST"]
[Termination "Game drawn by repetition"]

1. e3 e5 2. e4 Nf6 3. Nc3 Bc5 4.
Nf3 Nc6 5. Bb5 O-O 6. O-O d6 7. h3 Ne7 8. d4 exd4 9. Nxd4 Ng6 10. Be3 c6 11. Be2 Re8 12. f3 Bb6 13. Qd2 Qe7 14.
Bf2 Bd7 15. Rad1 Rad8 16. Rfe1 Bc8 17. Nf5 Bxf5 18. Bxb6 axb6 19. exf5 Nf8 20. g4 h6 21.
Bd3 Qc7 22. Qf2 N8d7 23. Ne4 d5 24. Ng3 c5 25. Bb5 Rxe1+ 26. Rxe1 Ne5 27. f4 Nc6 28. g5 hxg5 29. fxg5 Nd7 30. Nh5 Nf8 31. f6 g6 32. Nf4 Nd4 33. Be8 Nde6 34. Nxe6 Nxe6 35.
Rxe6 fxe6 36. f7+ Kf8 37. Qf6 Qg3+ 38. Kf1 Qxh3+ 39. Ke1 Qg3+ 40. Kd1 Qg1+ 41. Kd2 Qg2+ 42. Ke3 Qg3+ 43. Ke2 Qg2+ 44. Kd1 Qg1+ 45. Kd2 Qg2+ 46. Kc3 Qg3+ 47. Kd2 Qg2+ 1/2-1/2

[Event "*** Titled Tuesday Blitz"]
[Site "Chess.com"]
[Date "2020.02.04"]
[Round "7"]
[White "DonPreuss"]
[Black "Ginzburg_Yakov"]
[Result "1-0"]
[WhiteElo "2208"]
[BlackElo "2515"]
[TimeControl "180+2"]
[EndTime "10:35:58 PST"]
[Termination "DonPreuss won by resignation"]

1. d4 d5 2. e4 c6 3. Nc3 dxe4 4.
f3 e3 5. Bxe3 Nf6 6. Bd3 e6 7.
Nge2 Be7 8. O-O O-O 9. Qe1 Nbd7 10. Qh4 c5 11. Bg5 Re8 12. Ng3 cxd4 13. Nce4 Nxe4 14.
Nxe4 Nf8 15. f4 h6 16. Rf3 f5 17. Rg3 fxe4 18. Bxe4 e5 19. Qh5 hxg5 20. fxg5 d3 21. Rf1 Be6 22. Rxf8+ Kxf8 23. Qh8+ Bg8 24. Rf3+ Bf6 25.
gxf6 Re7 26. fxg7+ Ke8 27. Qxg8+ Kd7 28. Rxd3+ Kc7 29. Rc3+ Kb6 30. Rb3+ Kc5 31. Qxd8 Rxd8 32. Rg3 Rf7 33. h4 Rg8 34. Rg5 Rgxg7 35. Rxg7 Rxg7 36.
h5 Kd4 37. h6 Rg4 38. h7 Rh4 39. Bf5 e4 40. Kf2 e3+ 41. Ke2 Rh2 42. Bh3 1-0

[Event "*** Titled Tuesday Blitz"]
[Site "Chess.com"]
[Date "2020.02.04"]
[Round "7"]
[White "Bulldog167"]
[Black "rasmussvane"]
[Result "0-1"]
[WhiteElo "2707"]
[BlackElo "2854"]
[TimeControl "180+2"]
[EndTime "10:36:02 PST"]
[Termination "rasmussvane won on time"]

1. d4 d5 2. c3 Nf6 3. Bf4 e6 4. Nd2 Bd6 5. Bg3 O-O 6. e3 c5 7.
Bd3 Qc7 8. Bxd6 Qxd6 9. f4 b6 10. Ngf3 cxd4 11. cxd4 Ba6 12. Bxa6 Nxa6 13. a3 Rfc8 14. O-O Nc7 15. Ne5 Nce8 16. Qa4 Qc7 17. b4 Nd6 18. Qb3 Qc3 19. Rfd1 Nfe4 20. Qxc3 Rxc3 21.
Nxe4 Nxe4 22. Rdc1 Rac8 23. Rxc3 Rxc3 24. b5 f6 25. Nc6 a5 26. Nd8 Rxe3 27. Nxe6 Rc3 28.
a4 Kf7 29. f5 Rc4 30. h3 g5 31. g4 Rc2 32. Ra3 Ke7 33. h4 Rc3 34. Rxc3 Nxc3 35. hxg5 Nxa4 36. Nc7 Nc3 37. g6 hxg6 38. fxg6 a4 39. Na6 a3 40. Nb4 a2 41. Nc2 Nxb5 42. g7 Kf7 0-1

[Event "*** Titled Tuesday Blitz"]
[Site "Chess.com"]
[Date "2020.02.04"]
[Round "7"]
[White "vlad_Sid"]
[Black "VladDobrov"]
[Result "1-0"]
[WhiteElo "2710"]
[BlackElo "2904"]
[TimeControl "180+2"]
[EndTime "10:36:03 PST"]
[Termination "vlad_Sid won by resignation"]

1. c4 g6 2. g3 Bg7 3. Bg2 f5 4.
Nc3 Nf6 5. Nf3 O-O 6. O-O d6 7. d3 e5 8. Rb1 a5 9. a3 c6 10. b4 axb4 11. axb4 h6 12. Qc2 g5 13. b5 f4 14.
bxc6 Nxc6 15. Bb2 Bf5 16. Nd2 Nd4 17. Qd1 Kh8 18. Bxb7 Rb8 19. Bg2 g4 20. Nd5 f3 21.
exf3 Nxd5 22. Bxd4 Bxd3 23. Rxb8 Qxb8 24. cxd5 Bxf1 25.
Bxf1 exd4 26. fxg4 Qa7 27. Bd3 Qf7 28. Nf1 Qxf2+ 29. Kh1 Re8 30. Bb5 Re1 31. Qd3 Be5 32. Bc4 Kg7 33. Bb5 Kf6 34. Ba6 Kg5 35. Bc4 Kf6 36. Bb5 Rc1 37. Ba6 Kg5 38. Bb5 Kf6 39.
Ba6 Kg7 40. Bb5 Kf8 41. Ba6 Ke7 42. Bb5 Kd8 43. Ba6 Kc7 44. Qh7+ Kd8 45. Qg8+ Ke7 46.
Qe6+ Kf8 47. Qxh6+ Kf7 48. Qxc1 Qf3+ 49. Kg1 d3 50. h4 Bxg3 51. Qe3 Qxe3+ 52. Nxe3 Bxh4 53.
Bxd3 1-0

[Event "*** Titled Tuesday Blitz"]
[Site "Chess.com"]
[Date "2020.02.04"]
[Round "7"]
[White "NemtsevIgor"]
[Black "Funkmaus"]
[Result "1-0"]
[WhiteElo "2396"]
[BlackElo "2173"]
[TimeControl "180+2"]
[EndTime "10:36:03 PST"]
[Termination "NemtsevIgor won on time"]

1. d4 d5 2. Bf4 c5 3. e3 cxd4 4. exd4 Nc6 5. c3 Nf6 6. Nd2 Bf5 7. Ngf3 e6 8. Qb3 Qc8 9. Nh4 Bg6 10. Nxg6 hxg6 11.
h3 Be7 12. Be2 O-O 13. O-O Qd7 14. Nf3 Ne4 15. Rfe1 Bd6 16. Bxd6 Nxd6 17. Bd3 a6 18. h4 b5 19. a3 Na5 20. Qc2 Nac4 21. b3 Nb6 22. Ne5 Qd8 23. g3 Rc8 24. Rac1 Nf5 25. Qe2 Qe7 26. Qg4 Qxa3 27. h5 gxh5 28. Qxh5 g6 29. Qg4 Nh6 30. Qh3 Kg7 31. Kg2 Qe7 32.
Rh1 Rh8 33. Rce1 Rxc3 34. Nxg6 fxg6 35. Rxe6 Qg5 36. Rxg6+ Qxg6 37. Bxg6 Kxg6 38. Qe6+ Kg7 39. Qxb6 Rcc8 40. Qxa6 Rcf8 41. Qxb5 Ng4 42. Rxh8 Kxh8 43. f4 1-0

[Event "*** Titled Tuesday Blitz"]
[Site "Chess.com"]
[Date "2020.02.04"]
[Round "7"]
[White "MITerryble"]
[Black "LastGladiator1"]
[Result "1-0"]
[WhiteElo "2957"]
[BlackElo "2845"]
[TimeControl "180+2"]
[EndTime "10:36:04 PST"]
[Termination "MITerryble won by resignation"]

1. d4 Nf6 2. Nf3 e6 3. c4 b6 4. g3 Bb7 5. Bg2 d6 6. O-O Nbd7 7. Nc3 g6 8. Qc2 Bg7 9. e4 O-O 10. Re1 e5 11. dxe5 dxe5 12. Be3 c6 13. Rad1 Qe7 14. Bh3 Rfd8 15. b3 h6 16. Rd2 Nc5 17. Red1 Rxd2 18.
Rxd2 Nfd7 19. Qd1 Nf8 20. b4 Nce6 21. a3 a5 22. Qb1 axb4 23. axb4 c5 24. bxc5 bxc5 25. Nd5 Bxd5 26. Rxd5 Nd4 27. Kg2 Nfe6 28. Nxe5 Nc7 29. Qb7 Ra2 30. Rd7 Qxe5 31. Rxc7 Nc2 32.
Rc8+ Kh7 33. Qxf7 Nxe3+ 34. Kf3 h5 35. Rc6 Qg5 36. fxe3 Rxh2 37. Rxg6 Qe5 38. Bf5 Rf2+ 39. Kxf2 Qb2+ 40. Kf3 1-0

[Event "*** Titled Tuesday Blitz"]
[Site "Chess.com"]
[Date "2020.02.04"]
[Round "7"]
[White "Blitzstream"]
[Black "PIwan"]
[Result "0-1"]
[WhiteElo "2767"]
[BlackElo "2523"]
[TimeControl "180+2"]
[EndTime "10:36:08 PST"]
[Termination "PIwan won by resignation"]

1. e4 e6 2. d4 d5 3. Nd2 Be7 4. Ngf3 Nf6 5. e5 Nfd7 6. c3 c5 7. Bd3 Nc6 8. O-O a5 9. Re1 cxd4 10. cxd4 Qb6 11. a3 Nxd4 12. Nxd4 Qxd4 13. Nf3 Qb6 14. Qa4 O-O 15. Qg4 f5 16. exf6 Nxf6 17. Qh4 Qb3 18. Ne5 Bd6 19. Qh3 Ne4 20. Bxe4 Qxh3 21.
gxh3 Bxe5 22. Bxh7+ Kxh7 23. Rxe5 Bd7 24. Be3 Rac8 25.
Rh5+ Kg8 26. Bd4 Rc4 27. Rd1 Ba4 28. Rd2 Rc1+ 29. Kg2 Bd1 30. Rg5 Bf3+ 31. Kg3 Rg1+ 32. Kh4 Rf4+ 33. Rg4 Bxg4 34. Be3 Re4 35. hxg4 Rexg4+ 36.
Kh3 Rg6 37. Rd4 Kf7 38. Ra4 b6 39. Bxb6 Rh6+ 40. Rh4 Rxh4+ 41. Kxh4 a4 42. Bd4 Rd1 43. Be5 d4 44. Kg3 d3 45. Kf3 Re1 46. Bc3 Re2 47.
h3 e5 48. h4 e4+ 0-1

[Event "*** Titled Tuesday Blitz"]
[Site "Chess.com"]
[Date "2020.02.04"]
[Round "7"]
[White "GukeshDommaraju"]
[Black "ChessLover0108"]
[Result "1-0"]
[WhiteElo "2666"]
[BlackElo "2733"]
[TimeControl "180+2"]
[EndTime "10:36:09 PST"]
[Termination "GukeshDommaraju won on time"]

1. Nf3 Nf6 2. g3 g6 3. Bg2 Bg7 4. O-O O-O 5. c4 c6 6. b3 d6 7. d4 e5 8. dxe5 dxe5 9. Ba3 e4 10. Bxf8 Qxf8 11. Nd4 e3 12. fxe3 Ng4 13. Qd2 Qe7 14.
Nc3 Nxe3 15. Rf4 f5 16. Be4 Ng4 17. Bf3 Ne5 18. Re1 Na6 19. e4 Qc5 20. Kg2 Nxf3 21. Nxf3 Be6 22. exf5 Bxf5 23. Ne4 Qb6 24. Nd6 Rd8 25.
Re8+ Rxe8 26. Nxe8 Bh6 27. Nf6+ Kg7 28. Ne5 Bxf4 29.
Qxf4 Qa5 30. Nh5+ gxh5 31. Qxf5 Qd2+ 32. Kh3 Qd6 33. Qf7+ Kh8 34. Qe8+ Kg7 35. Qxh5 Nb4 36. Qf7+ Kh8 37. Ng4 1-0

[Event "*** Titled Tuesday Blitz"]
[Site "Chess.com"]
[Date "2020.02.04"]
[Round "7"]
[White "hanzo_hasashi1"]
[Black "gena217"]
[Result "1-0"]
[WhiteElo "2908"]
[BlackElo "2992"]
[TimeControl "180+2"]
[EndTime "10:36:10 PST"]
[Termination "hanzo_hasashi1 won by resignation"]

1. c4 c5 2. Nf3 Nf6 3. Nc3 Nc6 4.
d4 cxd4 5. Nxd4 e6 6. a3 Be7 7. e4 O-O 8. Nxc6 bxc6 9. Be3 d5 10. cxd5 exd5 11. exd5 Nxd5 12. Nxd5 cxd5 13. Bd3 Bf6 14. O-O a5 15. Re1 Rb8 16. Rb1 Be6 17. b4 axb4 18. axb4 Re8 19. b5 g6 20. Qf3 d4 21. Bf4 Rb6 22.
Bd2 Rd6 23. b6 Bd5 24. Rxe8+ Qxe8 25. b7 Bxf3 26. b8=Q Rd8 27. Qf4 Qc6 28. Qxf3 Qxf3 29. gxf3 Kg7 30. Rb7 Re8 31. Bc4 Re7 32. Rxe7 Bxe7 33.
Kf1 Bd6 34. h3 f5 35. Ke2 Kf6 36. Kd3 Be5 37. Ba5 g5 38. Bd8+ Kg6 39. Be6 h5 40.
Bb6 Bh2 41. Kxd4 Kf6 42. Kd5 Bg1 43. Bd4+ Kg6 44. Bd7 Bh2 45. Ke6 g4 46. h4 gxf3 47. Be8+ Kh6 48. Kxf5 Bg1 49. Be3+ Kg7 50. Bxh5 1-0

[Event "*** Titled Tuesday Blitz"]
[Site "Chess.com"]
[Date "2020.02.04"]
[Round "7"]
[White "FedaMaster"]
[Black "Korchmar_Vasiliy"]
[Result "1-0"]
[WhiteElo "2610"]
[BlackElo "2800"]
[TimeControl "180+2"]
[EndTime "10:36:14 PST"]
[Termination "FedaMaster won by resignation"]

1. e4 g6 2. d4 Bg7 3. Nf3 d6 4. Bd3 e5 5. c3 Nc6 6. dxe5 dxe5 7.
O-O h6 8. b4 Be6 9. a4 g5 10.
Qe2 g4 11. Nfd2 h5 12. Rd1 h4 13.
Nf1 Qe7 14. a5 a6 15. b5 axb5 16. Bxb5 Bd7 17. Nbd2 Nf6 18. Ba3 Qd8 19. Nc4 Qc8 20. Nfe3 g3 21. Nd5 gxf2+ 22. Qxf2 Nxe4 23. Qe3 f5 24. Ne7 Qb8 25. Rxd7 Kxd7 26. Rd1+ Ke6 27. Nxf5 Qg8 28.
Qxe4 Rd8 29. Nd4+ Nxd4 30. cxd4 Qh7 31. Qxb7 Rxd4 32. Qc6+ Kf7 33. Rf1+ Rf4 34. Qd7+ Kf6 35. Be7+ Kg6 36. Qe6+ Bf6 37. Nxe5+ Kh5 38. Be2+ Kh6 39. Qxf6+ Rxf6 40. Rxf6+ Kg7 41. Rf7+ Kg8 42. Bc4 Qc2 43.
Rf2+ Qxc4 44. Nxc4 Kh7 45. Rf7+ Kg6 46. Ne5+ Kh5 47.
Rf5+ Kh6 48. Rf4 Rb8 49. Rxh4+ Kg7 50. Rf4 Rb1+ 51. Rf1 Rb5 52. Bf6+ 1-0

[Event "*** Titled Tuesday Blitz"]
[Site "Chess.com"]
[Date "2020.02.04"]
[Round "7"]
[White "Kimster98"]
[Black "Carnivoras"]
[Result "1-0"]
[WhiteElo "2705"]
[BlackElo "2544"]
[TimeControl "180+2"]
[EndTime "10:36:21 PST"]
[Termination "Kimster98 won by resignation"]

1. e4 e5 2. Nf3 Nc6 3. Bb5 Nf6 4.
d3 Bc5 5. Bxc6 dxc6 6. Nbd2 O-O 7. Qe2 Re8 8. Nc4 Nd7 9. Bg5 f6 10. Be3 Bf8 11. h4 a5 12. h5 b5 13. Ncd2 h6 14. Nh4 Nc5 15. O-O-O Be6 16. Kb1 a4 17. Nf5 b4 18.
Nc4 b3 19. cxb3 axb3 20. a3 Nxd3 21. Qxd3 Qxd3+ 22. Rxd3 Bxc4 23. Rc3 Ba6 24. Rxb3 Red8 25. Kc1 Bd3 26. f3 c5 27. Rc3 c4 28. Rd1 Rab8 29. Bg1 Be2 30. Rxd8 Rxd8 31. Ne3 Bc5 32. Bf2 Bd4 33.
Be1 Bxc3 34. Bxc3 Rd3 35. Bd2 Rb3 36. Bc3 c6 37. Kd2 Bd3 38. a4 Rb8 39. a5 Kf7 40. g4 Ke6 41. Nf5 Rb7 42. Ke3 Ra7 43. Bb4 Kf7 44.
Bc3 c5 45. Nd6+ Ke6 46. Nf5 Kf7 47. Nd6+ Ke6 48. Nc8 Ra8 49. Nb6 Ra6 50. Nd5 Kd7 51. Nb6+ Kc6 52. Nd5 Kb5 53. Nc7+ Kc6 54. Nxa6 1-0

[Event "*** Titled Tuesday Blitz"]
[Site "Chess.com"]
[Date "2020.02.04"]
[Round "7"]
[White "SergioGarciaFuentes"]
[Black "przemekpiotrowski"]
[Result "0-1"]
[WhiteElo "2170"]
[BlackElo "2365"]
[TimeControl "180+2"]
[EndTime "10:36:23 PST"]
[Termination "przemekpiotrowski won by resignation"]

1. Nf3 g6 2. d4 Bg7 3. Bf4 d6 4. e3 Nd7 5. h3 e5 6. Bh2 c6 7. Nbd2 Qe7 8. dxe5 Nxe5 9. Nxe5 dxe5 10. Nc4 Be6 11.
Qd6 Bxc4 12. Qxe7+ Kxe7 13. Bxc4 Nh6 14. e4 Rhd8 15.
c3 f6 16. Ke2 Nf7 17. Rhd1 Nd6 18. Bd3 c5 19. f3 Bh6 20. Bg1 b6 21. Ba6 Ne8 22.
a4 Nc7 23. Bc4 a6 24. a5 Rxd1 25. Rxd1 bxa5 26. Bxc5+ Ke8 27. Bb6 Nb5 28. Bxa5 Bf8 29. Bb6 Rc8 30. Bd5 Bc5 31. Bxc5 Rxc5 32. Ra1 a5 33.
Kd3 Nc7 34. Bg8 h6 35. b4 axb4 36. cxb4 Rc6 37. Bd5 Rb6 38. Kc4 Kd7 39. Ra7 Kd6 40. Bf7 g5 41. Ra5 Rb8 42. b5 Rf8 43. Bd5 Nxd5 44. exd5 Rc8+ 45. Kb4 Kxd5 46. Ra6 f5 47. Rxh6 e4 48. fxe4+ fxe4 49. Rh7 Kd6 50. Ka5 e3 0-1

[Event "*** Titled Tuesday Blitz"]
[Site "Chess.com"]
[Date "2020.02.04"]
[Round "7"]
[White "tan275"]
[Black "Everyfishknows"]
[Result "0-1"]
[WhiteElo "2147"]
[BlackElo "2313"]
[TimeControl "180+2"]
[EndTime "10:36:23 PST"]
[Termination "Everyfishknows won by resignation"]

1. d4 Nf6 2. c4 e6 3. g3 Bb4+ 4. Bd2 Qe7 5. Bg2 Nc6 6. Nf3 Bxd2+ 7. Nbxd2 d6 8. O-O O-O 9. e4 e5 10. d5 Nb8 11. Ne1 a5 12. Nd3 Na6 13. Rc1 Bg4 14. f3 Bd7 15. a3 c6 16. Nb3 cxd5 17. cxd5 Ba4 18. Rc3 Rfc8 19. Qc1 Qd8 20. Nxa5 Rxc3 21. Qxc3 Rc8 22. Qd2 Bb5 23. b4 Qb6+ 24. Kh1 Qd4 25.
Rd1 Bxd3 26. Nb3 Qc3 27. Qxd3 Nd7 28. Kg1 Nb6 29. Bf1 Na4 30. Qxc3 Rxc3 31. Rb1 b5 32. Kf2 Nc7 33. Be2 Nb6 34. Bd1 Nc4 35. Rc1 Rxc1 36.
Nxc1 Nxa3 37. Be2 Nc2 38. Nd3 Na6 39. Bf1 Naxb4 40. Nxb4 Nxb4 41. Bxb5 Kf8 42. Ke3 Nc2+ 43.
Kd2 Nd4 44. Ke3 Nxb5 45. f4 exf4+ 46. gxf4 f6 47. Kd3 Ke7 48. Kc4 Nc7 49. Kb4 f5 50. exf5 Nxd5+ 0-1

[Event "*** Titled Tuesday Blitz"]
[Site "Chess.com"]
[Date "2020.02.04"]
[Round "7"]
[White "GM-2023"]
[Black "guillembaches"]
[Result "0-1"]
[WhiteElo "2106"]
[BlackElo "2346"]
[TimeControl "180+2"]
[EndTime "10:36:25 PST"]
[Termination "guillembaches won by checkmate"]

1. e4 c5 2. Nf3 d6 3. d4 cxd4 4.
Nxd4 Nf6 5. Nc3 a6 6. h3 e5 7. Nde2 h5 8. g3 b5 9. a4 Bb7 10.
axb5 axb5 11. Rxa8 Bxa8 12. Bg2 b4 13. Nd5 Nxd5 14.
exd5 Be7 15. O-O O-O 16. Bd2 Qb6 17. Nc1 h4 18. gxh4 Nd7 19. Nd3 b3 20. c3 f5 21. Bg5 Nf6 22. Nb4 e4 23. Qxb3 Bxd5 24. Qd1 Bc4 25. Re1 Qc5 26. Bf1 Be6 27. h5 d5 28. h6 Rf7 29. Qd2 d4 30. Qxd4 Qxd4 31.
cxd4 Bxb4 32. Rc1 gxh6 33. Bxh6 Kh7 34. Bf4 Nd5 35. Be5 f4 36. Bg2 f3 37. Bf1 Bd2 38.
Rc6 Bf5 39. Kh2 e3 40. fxe3 Nxe3 41. Bb5 f2 42. Bf4 Be4 43. Rh6+ Kg7 44. Rh4 f1=Q 45. Be5+ Kg6 46. Bxf1 Nxf1+ 47. Kg1 Be3# 0-1

[Event "*** Titled Tuesday Blitz"]
[Site "Chess.com"]
[Date "2020.02.04"]
[Round "7"]
[White "saraswathii"]
[Black "Nalatac"]
[Result "1-0"]
[WhiteElo "2166"]
[BlackElo "2259"]
[TimeControl "180+2"]
[EndTime "10:36:28 PST"]
[Termination "saraswathii won on time"]

1. d4 Nf6 2. Bf4 g6 3. e3 Bg7 4.
Nf3 O-O 5. Be2 c5 6. c3 d6 7. O-O Be6 8. Nbd2 Qb6 9. Qc2 cxd4 10. exd4 Nc6 11. a4 Rac8 12. Nc4 Bxc4 13. Bxc4 Nxd4 14. cxd4 d5 15. b3 dxc4 16. bxc4 Nd5 17. Be5 Nb4 18.
Qb3 a5 19. Rfe1 Qc6 20. Bxg7 Kxg7 21. Rxe7 b6 22. Rc1 Qd6 23. Re3 Qf4 24. g3 Qf5 25. Kg2 Rfd8 26. Nh4 Qf6 27. Nf3 h6 28. Rd1 Rc7 29. Ne5 Rdc8 30. f4 Qf5 31. Rc1 g5 32. Rf1 g4 33. Qd1 h5 34. d5 Rxc4 35. Nxc4 Rxc4 36.
Qa1+ Kg6 37. Qh8 Qxd5+ 38. Kg1 Qd4 39. f5+ Kg5 40. Qxd4 Rxd4 41. Re7 Kf6 42. Rb7 Nd5 43. Rc1 1-0

[Event "*** Titled Tuesday Blitz"]
[Site "Chess.com"]
[Date "2020.02.04"]
[Round "7"]
[White "DDTerziev04"]
[Black "Quiet_Desperation"]
[Result "0-1"]
[WhiteElo "2213"]
[BlackElo "2431"]
[TimeControl "180+2"]
[EndTime "10:36:29 PST"]
[Termination "Quiet_Desperation won on time"]

1. e4 e6 2. d3 c5 3. Nd2 Nc6 4. Ngf3 d6 5. g3 g6 6. Bg2 Bg7 7. O-O Nge7 8. Re1 O-O 9. c3 b5 10. a4 b4 11. cxb4 Nxb4 12. Nc4 Ba6 13. e5 d5 14. Ne3 Nxd3 15. Bf1 Nxe1 16. Bxa6 Nxf3+ 17. Qxf3 Bxe5 18. Ng4 Bg7 19. Nf6+ Bxf6 20. Qxf6 Nf5 21. Qe5 Qd6 22. Qe2 Nd4 23. Qd3 Nb3 24. Qxb3 Qxa6 25. Qc3 d4 26. Qxc5 d3 27. Bh6 f6 28. Bxf8 Rxf8 29.
Rd1 Rd8 30. Qe7 Qd6 31. Qxf6 e5 32. Qf3 Qd4 33. Rd2 e4 34. Qg4 Kg7 35. Qf4 Rd7 36.
Kg2 a5 37. h4 h6 38. h5 gxh5 39. Qh4 Qd5 40. Kg1 Qg5 41. Qh3 Rf7 42. Rd1 Qg4 43.
Qf1 Qf3 44. Re1 d2 45. Re2 e3 46. Rxe3 Qxe3 0-1

[Event "*** Titled Tuesday Blitz"]
[Site "Chess.com"]
[Date "2020.02.04"]
[Round "7"]
[White "Leonid_Starozhilov"]
[Black "GMHellers"]
[Result "1-0"]
[WhiteElo "2692"]
[BlackElo "2483"]
[TimeControl "180+2"]
[EndTime "10:36:31 PST"]
[Termination "Leonid_Starozhilov won on time"]

1. b3 e5 2. Bb2 Nc6 3. e3 a6 4. c4 Nf6 5. Nc3 d5 6. cxd5 Nxd5 7. Nxd5 Qxd5 8. Nf3 Bg4 9. h3 Bh5 10. Bc4 Qd6 11. g4 Bg6 12. Nh4 Bd3 13. Nf5 Bxf5 14. gxf5 Be7 15. Qg4 Bf6 16. Qe4 Rd8 17. Rd1 Nb4 18.
Qxb7 O-O 19. Qe4 Nxa2 20. O-O Nb4 21. Ba3 a5 22. Bxb4 axb4 23. d3 Ra8 24. Ra1 Ra3 25.
Kg2 h6 26. Rfd1 Rd8 27. Kf3 Kf8 28. Rg1 Ke7 29. Rac1 Ra5 30. Rc2 Kf8 31. Rgc1 Be7 32. Kg2 Qf6 33. Qg4 Bd6 34. Qe4 Qg5+ 35. Qg4 Qxg4+ 36. hxg4 Ke7 37. Kf3 Kf6 38. Ke4 Rh8 39. Rh1 g6 40. fxg6 fxg6 41. Kf3 h5 42. Rcc1 Raa8 43. Rcg1 Raf8 44. g5+ Ke7+ 45. Ke2 Rf5 46. Bd5 1-0